 Dungeon Sprint DCSS version 0.31.0-12-g77e489cdc1 (webtiles) character file.

Game seed: 13130117158593044230

103 Groucho the Digger (level 4, 0/24 HPs)
             Began as a Deep Elf Earth Elementalist on Feb 13, 2024.
             Slain by Sigmund
             ... wielding a +2 scythe of flaming
              (2 damage)
             ... in the Dungeon (Sprint I: "Red Sonja").
             The game lasted 00:00:59 (870 turns).

Groucho the Digger (Deep Elf Earth Elementalist)     Turns: 870, Time: 00:00:59

Health: 0/24       AC:  2    Str:  5    XL:     4   Next: 51%
Magic:  6/14       EV: 12    Int: 22    God:
Gold:   54         SH:  0    Dex: 15    Spells: 12/16 levels left

rFire   . . .        (no weapon)
rCold   . . .        (no shield)
rNeg    . . .        a - +0 robe
rPois   .            (no helmet)
rElec   .            (no cloak)
rCorr   .            (no gloves)
SInv    .            (no boots)
Will    .....        (no amulet)
Stlth   +            (no ring)
HPRegen 0.24/turn    (no ring)
MPRegen 0.14/turn

%: no teleportation
@: confused
A: no striking features
a: no special abilities


You were in the Dungeon.
You visited 1 branch You collected 54 gold pieces.

Inventory:

Armour
 a - a +0 robe (worn)
Wands
 e - a wand of polymorph (10)
Scrolls
 g - a scroll of blinking
Potions
 b - 3 potions of magic
 d - a potion of heal wounds
 f - a potion of berserk rage


   Skills:
 - Level 2.4 Dodging
 - Level 2.4 Stealth
 + Level 6.6 Spellcasting
 + Level 4.9 Conjurations
 * Level 7.7 Earth Magic


You had 12 spell levels left.
You knew the following spells:

 Your Spells              Type           Power      Damage    Failure   Level
a - Sandblast             Erth           82%        2d17      1%          1
b - Stone Arrow           Conj/Erth      70%        3d11      1%          3

Your spell library contained the following spells:

 Spells                   Type           Power      Damage    Failure   Level
 Passwall                 Erth           41%        N/A       1%          3
 Brom's Barrelling Bould  Conj/Erth      35%        2d5       6%          4
 Petrify                  Alch/Erth      24%        N/A       17%         4


Dungeon Overview and Level Annotations

Branches:
Dungeon (1/1)

Altars:

Annotations:
D Sigmund


Message History

Unknown command.
You're too confused to cast spells.
Unknown command.
You feel better.
Aiming: Stone Arrow (safe; 1% risk of failure)
Press: ? - help, Q - select action, (/) - cycle Shift-Dir - straight line, f/p - Sigmund
Aim: Sigmund, wielding a +2 scythe of flaming and wearing a +0 robe (heavily wounded, 71% to hit)
The stone arrow misses Sigmund.
Unknown command.
Unknown command.
Unknown command.
Aiming: Stone Arrow (safe; 1% risk of failure)
Press: ? - help, Q - select action, (/) - cycle Shift-Dir - straight line, f/p - Sigmund
Aim: Sigmund, wielding a +2 scythe of flaming and wearing a +0 robe (heavily wounded, 71% to hit)
The stone arrow hits Sigmund!
Sigmund is severely wounded.
Sigmund gestures at you while chanting.
You are confused.
Unknown command.
Unknown command.
You're too confused to cast spells.
Okay, then.
Sigmund casts a spell at you. The magic dart hits you.
There is an open door here.
Sigmund gestures at you while chanting. The puff of flame hits you!
Ouch! That really hurt!
* * * LOW HITPOINT WARNING * * *
There is an open door here.
You feel less confused.
Sigmund points at you and mumbles some strange words.
You are confused.
Unknown command.
You bump into the stone wall.
Sigmund hits you with a +2 scythe of flaming.
* * * LOW HITPOINT WARNING * * *
Sigmund burns you.
You die...
Sigmund begins carving another notch in his scythe.

########## #
#<.#.@@..#..+
#.)'.)#..'..#
#..#####'####
#..# #..#
#..# ####
#..# #⌠⌠#
####


You could see Sigmund.

Vanquished Creatures
  An ogre (D)
  Ijyb (D)
2 creatures vanquished.

Notes
Turn   | Place    | Note
-------+----------+-------------------------------------------
     0 | D        | Groucho the Deep Elf Earth Elementalist began the quest for
                  | the Orb.
     0 | D        | Reached XP level 1. HP: 10/10 MP: 6/6
     3 | D        | Noticed Ijyb
     9 | D        | Killed Ijyb
    10 | D        | Reached skill level 5 in Earth Magic
    10 | D        | Reached XP level 2. HP: 10/15 MP: 0/9
   508 | D        | Noticed an ogre
   511 | D        | Killed an ogre
   512 | D        | Reached skill level 7 in Earth Magic
   512 | D        | Reached XP level 3. HP: 19/19 MP: 8/13
   512 | D        | Reached XP level 4. HP: 24/24 MP: 8/14
   841 | D        | Learned a level 3 spell: Stone Arrow
   859 | D        | Noticed Sigmund
   870 | D        | Slain by Sigmund

Illustrated notes

Levels and vault maps discovered:
D:        dungeon_sprint_1 [red_sonja_temple_1, red_sonja_temple_small_1]

Skill      XL: |  1  2 |
---------------+-------+-----
Spellcasting   | 4 6 |  6.6
Conjurations   | 3 4 |  4.9
Earth Magic    | 5 7 |  7.7
Dodging        | |  2.4
Stealth        | |  2.4

Action                     |  1- 3 |  4- 6 || total
---------------------------+-------+-------++-------
   Cast: Sandblast         |     7 |       ||     7
         Stone Arrow       |       |     3 ||     3
    Use: Potion            |     1 |     1 ||     2
 Armour: Robe              |     1 |     3 ||     4
  Dodge: Dodged            |     1 |       ||     1
